 Dungeon Crawl Stone Soup version 0.20.1-1-g8b1a95d (webtiles) character file.

713109 Mesmaeker13 the Conqueror (level 27, -2/199 HPs)
             Began as a Gargoyle Wanderer on Sept 6, 2017.
             Was the Champion of the Shining One.
             Splashed by an acid blob's acid (5 damage)
             ... created by the Royal Jelly
             ... on level 4 of the Pits of Slime on Sept 7, 2017.
             The game lasted 04:43:54 (90209 turns).

Mesmaeker13 the Conqueror (Gargoyle Wanderer)      Turns: 90209, Time: 04:43:56

Health: -2/199     AC: 29    Str: 27    XL:     27
Magic:  38/38      EV: 17    Int: 21    God:    the Shining One [******]
Gold:   7734       SH: 20    Dex: 11    Spells: 31/48 levels left

rFire    + + +     SeeInvis .   c - +9 broad axe (holy)
rCold    + + +     Gourm    .   G - +2 shield {rC+}
rNeg     + + +     Faith    .   S - +7 faerie dragon scales {rF++ rC++ rCorr Clar}
rPois    ∞         Spirit   .   z - +1 helmet {Int+3}
rElec    +         Reflect  .   D - scarf {repulsion}
rCorr    +         Harm     .   W - +1 pair of gloves {Dex+3}
MR       ++++.     Clarity  +   s - +0 pair of boots "Boekepun" {rN++}
Stlth    +.........             Q - amulet of rage
Regen    0.5/turn               m - ring of protection from fire
MPRegen  0.3/turn               B - ring of the Mage {Wiz MR++ Int+3}

@: mighty, corroded, berserk cooldown, slowed, glowing, repel missiles, very
slow
A: big wings, iridescent scales 1, large bone plates 1, yellow scales 1, berserk
2, blurry vision 1, clumsy 1, deterioration 1, dopey 1, negative energy
resistance 1, screaming 1, shaggy fur 2, electricity resistance, weak 1,
unbreathing, petrification resistance, rot immunity, AC +20
}: 3/15 runes: serpentine, barnacled, silver
a: Fly, Divine Shield, Cleansing Flame, Summon Divine Warrior, Renounce
Religion, Evoke Berserk Rage


You were on level 4 of the Pits of Slime.
You worshipped the Shining One.
The Shining One was exalted by your worship.
You were very hungry.

You visited 11 branches of the dungeon, and saw 56 of its levels.
You visited the Abyss 2 times.
You also visited: Trove, Ossuary, Ice Cave, Volcano, Wizlab and Desolation.

You collected 11501 gold pieces.
You spent 3767 gold pieces at shops.

Inventory:

Hand Weapons
 c - a +9 broad axe of holy wrath (weapon)
 Z - a +9 broad axe of freezing
Missiles
 t - 7 javelins of penetration
 H - 4 throwing nets (quivered)
 Y - 68 javelins
Armour
 s - the +0 pair of boots "Boekepun" (worn) {rN++}
   (You found it in a treasure trove)

   It greatly protects you from negative energy.
 z - a +1 helmet of intelligence (worn)
 D - a scarf of repulsion (worn)
 G - a +2 shield of cold resistance (worn)
 S - the +7 faerie dragon scales (worn) {rF++ rC++ rCorr Clar}
   (You took it off the Enchantress on level 4 of the Depths)

   It greatly protects you from fire.
   It greatly protects you from cold.
   It protects you against confusion.
   It protects you from acid and corrosion.
 W - a +1 pair of gloves of dexterity (worn)
Jewellery
 g - an uncursed ring of protection from magic
 m - a ring of protection from fire (left hand)
 B - the ring of the Mage (right hand) {Wiz MR++ Int+3}
   (You found it on level 2 of the Realm of Zot)

   [ring of wizardry]

   It improves your spell success rate.
   It affects your intelligence (+3).
   It affects your resistance to hostile enchantments.
 C - an uncursed ring of see invisible
 Q - an amulet of rage (around neck)
Wands
 x - a wand of digging (15/24)
 R - a wand of acid (6/15)
Scrolls
 b - a scroll of brand weapon
 f - 8 scrolls of identify
 h - 8 scrolls of fog
 l - 7 scrolls of teleportation
 v - 4 scrolls of silence
 w - 6 scrolls of magic mapping
 F - 13 scrolls of blinking
 K - 8 scrolls of remove curse
Potions
 d - 2 potions of brilliance
 e - 7 potions of cancellation
 i - 9 potions of curing
 p - 2 potions of agility
 r - 8 potions of resistance
 L - 5 potions of ambrosia
 N - 4 potions of haste
 P - 8 potions of might
 U - 4 potions of heal wounds
 V - a potion of magic
Books
 o - a Young Poisoner's Handbook

   Spells                             Type                      Level
   a - Sting                          Conjuration/Poison           1
   b - Poisonous Vapours              Poison/Air                   2
   c - Mephitic Cloud                 Conjuration/Poison/Air       3
   d - Olgreb's Toxic Radiance        Poison                       4
   e - Venom Bolt                     Conjuration/Poison           5
Miscellaneous
 y - 2 sacks of spiders
 E - 3 boxes of beasts
 J - 2 phantom mirrors
Comestibles
 a - a fruit
 j - 2 royal jellies
 k - a meat ration
 q - 14 bread rations


   Skills:
 O Level 27 Fighting
 - Level 20.0 Axes
 + Level 9.4 Throwing
 - Level 21.5 Armour
 + Level 11.2 Dodging
 - Level 15.0 Shields
 - Level 11.1 Spellcasting
 - Level 10.0 Conjurations
 - Level 9.2 Hexes
 - Level 10.6 Charms
 - Level 11.0 Summonings
 - Level 7.0 Air Magic
 - Level 11.0 Earth Magic
 - Level 16.0 Invocations
 - Level 11.0 Evocations


You had 31 spell levels left.
You knew the following spells:

 Your Spells              Type           Power        Failure   Level  Hunger
a - Spectral Weapon       Hex/Chrm       ######..     1%          3    None
b - Passwall              Tmut/Erth      ####......   1%          2    None
c - Song of Slaying       Chrm           ######..     1%          2    None
d - Iron Shot             Conj/Erth      ######....   5%          6    ######.
e - Summon Lightning Spi  Summ/Air       #####...     1%          4    #......


Dungeon Overview and Level Annotations

Branches:
Dungeon (15/15)            Temple (0/1) D:6            Lair (6/6) D:11
 Shoals (4/4) Lair:3        Snake (4/4) Lair:2        Slime (5/5) Lair:5
    Orc (2/2) D:10            Elf (3/3) Orc:2        Vaults (5/5) D:13
  Crypt (3/3) Vaults:3       Tomb (0/3) Crypt:3      Depths (5/5) D:15
    Zot (4/5) Depths:5

Altars:
Elyvilon
Fedhas
Gozag
Kikubaaqudgha
Nemelex Xobeh
Okawaru
Trog
Vehumet
Yredelemnul
Zin
The Shining One

Shops:
D:7 *   Orc:2 (*=[   Elf:1 (   Elf:2 =   Elf:3 [   Snake:2 [   Snake:3 =
Vaults:2 [   Vaults:3 :   Vaults:4 [   Depths:3 :   Depths:5 =}=

Portals:
Hell: Depths:1 Depths:2 Depths:3 Depths:4 Depths:5
Abyss: Depths:1 Depths:2 Depths:4
Pandemonium: Depths:2 Depths:3
Ziggurat: Depths:2

Annotations:
Lair:2 exclusion: 3 oklob plants
Snake:4 1 exclusion
Slime:5 Royal Jelly
Elf:3 1 exclusion


Innate Abilities, Weirdness & Mutations

You are resistant to torment.
Your stone body is resilient. (AC +20)
You are immune to poison.
Your large and strong wings let you fly indefinitely.
You resist negative energy. (rN+)
You are resistant to electric shocks. (rElec)
You can survive without breathing.
You are immune to petrification.
You are immune to rotting.
You are partially covered in iridescent scales. (AC +2)
You are partially covered in large bone plates. (SH +4)
You are partially covered in yellow scales. (AC +2)
You often lose your temper in combat.
Scrolls take you a little longer to read.
You are clumsy. (Dex -2)
Your body sometimes deteriorates upon taking damage.
You are dopey. (Int -2)
You occasionally shout uncontrollably at your foes.
You are covered in thick fur. (AC +2)
You are weak. (Str -2)


Message History

The splash of acid misses you.
You hit the acid blob.
Your hands burn!
* * * LOW HITPOINT WARNING * * *
The acid blob is severely wounded.
You slash the acid blob!
Your hands burn!
* * * LOW HITPOINT WARNING * * *
You hit the acid blob.
Your hands burn!
* * * LOW HITPOINT WARNING * * *
You are no longer berserk.
You are exhausted.
You feel yourself slow down. The acid blob spits acid at you.
The splash of acid hits you! You resist.
* * * LOW HITPOINT WARNING * * *
You are splashed with acid!
The acid burns!
You resist.
* * * LOW HITPOINT WARNING * * *
The acid blob hits you!
* * * LOW HITPOINT WARNING * * *
You are splashed with acid!
The acid burns!
You resist.
You die...

.....### #.##
......###...#
.##..........#
............#
.##..........##
#.............#
......J........
#......@J......
###...J..###...
##.......
##........
.#.....#.#
.....#.## # ..
....## ....#...


You could see 3 acid blobs.

Vanquished Creatures
  An orb of fire (Zot:2)
  Mara (Snake:3)
  2 ancient liches
  2 juggernauts
  Boris (Vaults:3)
  Bai Suzhen (Crypt:2)
  Vashnia (Snake:3)
  Saint Roka (Vaults:5)
  4 curse toes
  A golden dragon (shapeshifter) (Vaults:5)
  Jory (Vaults:5)
  3 bone dragons
  5 golden dragons
  the Enchantress (Depths:4)
  2 profane servitors (Abyss:4)
  An electric golem (Zot:1)
  18 tentacled monstrosities
  Jorgrun (Elf:2)
  Asterion (Elf:2)
  10 liches
  5 quicksilver dragons
  13 acid blobs
  6 titans
  2 deep elf master archers (Elf:3)
  8 tentacled starspawn
  3 ancient champions
  10 sphinxes
  A deep elf blademaster (Elf:2)
  9 tengu reavers
  4 death cobs
  Frances (D:13)
  3 draconian monks
  A daeva (Abyss:4)
  9 shadow dragons
  11 nagarajas
  7 storm dragons
  Ilsuiw (Shoals:4)
  4 azure jellies
  10 deep elf sorcerers
  12 fire giants
  2 orc warlords
  An imperial myrmidon (Desolation)
  23 vault wardens
  A ghost moth (Zot:4)
  2 iron dragons
  A draconian knight (Zot:1)
  A draconian shifter (Zot:3)
  9 frost giants
  Aizul (Shoals:1)
  A cacodemon (Depths:5)
  4 draconian scorchers
  23 ironheart preservers
  6 deep elf elementalists
  A draconian annihilator (Zot:3)
  2 curse skulls
  4 war gargoyles (Crypt:3)
  4 ghouls
  5 spriggan defenders
  5 draconian stormcallers (Depths:5)
  30 stone giants
  6 green draconians
  25 very ugly things
  3 entropy weavers
  11 deep elf demonologists
  10 vampire knights
  5 black draconians
  7 white draconians
  10 deep elf annihilators
  5 purple draconians
  A dire elephant (shapeshifter) (Depths:3)
  2 halazid warlocks (Desolation)
  2 spark wasps (Depths:3)
  8 red draconians
  10 yellow draconians
  2 eidola
  A lorocyproca (Abyss:4)
  4 merfolk javelineers (Shoals:4)
  34 ettins
  6 crystal guardians
  7 deep elf death magi
  5 death oozes
  2 green deaths
  8 jiangshi
  4 merfolk impalers (Shoals:4)
  7 ragged hierophants (Desolation)
  18 yaktaur captains
  8 servants of whispers (Desolation)
  41 vault guards
  Fannar (D:10)
  4 rakshasas
  11 deep elf high priests
  Erolcha (D:11)
  16 ogre magi
  12 great orbs of eyes
  16 fire dragons
  A quicksilver dragon skeleton (Depths:3)
  A monstrous demonspawn (Depths:2)
  17 ice dragons
  9 hydras
  16 naga warriors
  7 merfolk avatars
  A catoblepas (Lair:6)
  4 spriggan air magi
  4 merfolk aquamancers (Shoals:4)
  7 peacekeepers (Desolation)
  An alligator snapping turtle (shapeshifter) (Depths:4)
  An anaconda (shapeshifter) (Abyss:1)
  18 anacondas
  17 centaur warriors
  Erica (D:10)
  A satyr (Shoals:3)
  42 two-headed ogres
  2 alligator snapping turtles (Shoals:4)
  43 dancing weapons
  9 deep troll earth magi
  12 deep troll shamans
  3 tengu warriors
  A satyr (shapeshifter) (Depths:4)
  A two-headed ogre (shapeshifter) (Vaults:5)
  19 small abominations
  7 death knights
  6 vampire magi
  A death yak (Lair:6)
  An orc high priest (Orc:1)
  2 titan zombies
  23 thrashing horrors
  4 hell hogs (Abyss:4)
  5 spriggan berserkers
  18 deep elf knights
  4 soul eaters
  21 naga sharpshooters
  8 hell knights
  8 wretched stars
  6 shock serpents
  11 iron trolls
  A storm dragon zombie (Crypt:3)
  A salamander mystic (Snake:3)
  A fire crab (D:13)
  A spatial maelstrom (Abyss:4)
  4 shadow wraiths
  A death drake (shapeshifter) (Vaults:5)
  39 skeletal warriors
  A sixfirhy (Abyss:1)
  10 sea snakes
  8 unseen horrors
  32 deep trolls
  The ghost of Frank the Covert, a novice OpMo of Dithmenos (D:8)
  5 flayed ghosts
  8 glowing orange brains
  A shadow demon (Abyss:3)
  11 wizards
  A sea snake (shapeshifter) (Depths:2)
  28 ironbrand convokers
  6 naga ritualists
  An obsidian statue (Zot:2)
  6 deep elf archers
  A golden dragon skeleton (Crypt:3)
  A shadow dragon zombie (Depths:3)
  42 starcursed masses
  A harpy (shapeshifter) (Vaults:4)
  2 wolf spider zombies
  A tengu skeleton (Depths:3)
  14 phantasmal warriors
  56 ugly things
  13 harpies
  14 necromancers
  19 orc knights
  4 mana vipers
  2 mana vipers (shapeshifter)
  3 salamanders (shapeshifter)
  4 orc sorcerers
  6 wolf spiders
  68 deep elf magi
  2 iron dragon zombies
  8 salamanders
  2 oklob plants (Shoals:4)
  A stone giant zombie (Abyss:3)
  4 worldbinders
  19 cyclopes
  6 shining eyes
  3 frost giant skeletons
  18 manticores
  15 fauns
  A fire giant zombie (Crypt:3)
  A guardian serpent (shapeshifter) (Elf:2)
  2 ice statues (IceCv)
  20 moths of wrath
  13 naga magi
  A dire elephant zombie (Crypt:1)
  19 vault sentinels
  A black mamba (shapeshifter) (Depths:3)
  A fire giant skeleton (Crypt:3)
  25 black mambas
  13 merfolk sirens
  19 guardian serpents
  3 apocalypse crabs
  The ghost of Chisa the Cudgeler, a novice HOFi (D:6)
  Psyche (D:11)
  2 eyes of devastation
  9 water nymphs
  A rust devil (Abyss:4)
  A storm dragon simulacrum (Depths:3)
  A dire elephant skeleton (Crypt:3)
  4 smoke demons
  4 centaur zombies
  A torpor snail (shapeshifter) (Vaults:5)
  An eye of devastation (shapeshifter) (Vaults:1)
  A stone giant skeleton (Vaults:2)
  An orange demon (Depths:2)
  A hellion (Abyss:3)
  10 rime drakes
  4 kobold demonologists
  8 spiny frogs
  A spiny frog (shapeshifter) (Vaults:1)
  A red draconian zombie (Crypt:1)
  A pale draconian zombie (Crypt:1)
  A black draconian zombie (Crypt:1)
  A gargoyle (D:11)
  6 komodo dragons
  A komodo dragon (shapeshifter) (Depths:1)
  A rime drake (shapeshifter) (Vaults:1)
  3 efreet
  A catoblepas skeleton (Crypt:3)
  A purple draconian zombie (Crypt:1)
  90 yaktaurs
  A demonic crawler (Abyss:4)
  An ice devil (Depths:2)
  A tormentor (Abyss:3)
  5 ancient zymes
  A ghost moth simulacrum (Abyss:1)
  A yaktaur skeleton (Vaults:2)
  17 freezing wraiths
  3 tengu conjurers
  4 hellwings (Abyss:4)
  23 merfolk
  A jumping spider (Vaults:2)
  A merfolk (shapeshifter) (Vaults:5)
  A silent spectre (Abyss:3)
  A tengu simulacrum (Vaults:2)
  13 trolls
  A death drake skeleton (Crypt:1)
  2 polar bears (shapeshifter)
  A meliai (shapeshifter) (D:15)
  56 saltlings (Desolation)
  10 wind drakes
  61 slime creatures
  5 polar bears (Lair:6)
  23 raiju
  A hydra skeleton (Crypt:1)
  A hornet (shapeshifter) (Vaults:5)
  17 hornets
  3 meliai (D:15)
  2 raiju (shapeshifter)
  2 blink frogs (shapeshifter)
  An ettin zombie (Abyss:4)
  16 hippogriffs
  9 blink frogs
  A hippogriff (shapeshifter) (Elf:1)
  8 snapping turtles
  26 dream sheep
  Sigmund (D:2)
  A meliai zombie (Crypt:1)
  20 spriggans
  2 ettin skeletons
  37 flying skulls
  6 ynoxinuls
  16 water elementals
  13 air elementals
  2 redbacks (Vaults:2)
  14 wyverns
  40 yaks
  3 shadows
  8 vampires
  12 wraiths
  A golden eye (Abyss:3)
  A yak (shapeshifter) (Vaults:1)
  8 neqoxecs
  3 fire elementals
  A human (shapeshifter) (Depths:5)
  A black mamba skeleton (Crypt:3)
  A golden eye (shapeshifter) (Depths:2)
  16 humans (D:13)
  20 large abominations
  8 chaos spawn
  3 fire bats
  3 hungry ghosts
  9 basilisks
  A spatial vortex (Abyss:4)
  8 vampire mosquitoes
  A gelid demonspawn zombie (Crypt:1)
  2 swamp worms (shapeshifter)
  3 acid dragons
  7 wargs
  2 two-headed ogre zombies (WizLab)
  7 insubstantial wisps (Abyss:4)
  45 nagas
  13 porcupines
  16 water moccasins
  A soldier ant (D:13)
  A floating eye (Depths:2)
  9 hell hounds (Abyss:3)
  A floating eye (shapeshifter) (Depths:5)
  4 sky beasts
  16 ice beasts
  60 orc warriors
  3 black bears
  8 necrophages
  4 eyes of draining
  An ogre (shapeshifter) (Vaults:5)
  4 phantoms
  33 wolves
  15 boggarts
  A human skeleton (Vaults:2)
  58 ogres
  A snapping turtle skeleton (Crypt:1)
  49 centaurs
  12 crocodiles
  A crocodile (shapeshifter) (Elf:2)
  21 bullfrogs
  11 big kobolds
  2 elf zombies (Ossuary)
  10 earth elementals
  Blork the orc (D:6)
  Dowan (D:4)
  3 wyvern skeletons
  An elf skeleton (Crypt:1)
  3 scorpions
  A scorpion (shapeshifter) (Vaults:5)
  8 killer bees
  A polar bear zombie (Crypt:2)
  9 troll zombies (WizLab)
  15 wights
  4 electric eels (D:14)
  4 howler monkeys
  10 crimson imps
  2 quasits
  Crazy Yiuf (D:2)
  2 bullfrog zombies
  2 human zombies (Ossuary)
  12 hounds
  5 bullfrog skeletons
  7 centaur skeletons
  3 gnoll shamans (D:8)
  6 jellies
  30 orc priests
  29 orc wizards
  3 iron imps
  A black bear skeleton (Crypt:2)
  2 iguanas
  Natasha (thrice) (D:3)
  An iguana (shapeshifter) (Vaults:5)
  12 worker ants
  Ijyb (D:2)
  7 ogre zombies (WizLab)
  A bullfrog simulacrum (D:9)
  2 hound zombies (Ossuary)
  6 mummies
  A hound skeleton (D:7)
  Robin (D:2)
  2 howler monkey zombies
  A worker ant zombie (D:11)
  19 gnolls
  18 adders
  4 shadow imps
  A white imp (Abyss:4)
  2 ufetubi
  An adder zombie (Ossuary)
  A lava snake zombie (Crypt:2)
  An adder skeleton (D:9)
  2 dart slugs
  A worm (D:4)
  6 leopard geckos
  136 orcs
  23 bats
  4 giant cockroaches
  A gnoll zombie (Ossuary)
  12 hobgoblins
  10 jackals
  31 kobolds
  3 quokkas
  A ball python (D:2)
  A frilled lizard (D:2)
  A frilled lizard zombie (Crypt:1)
  16 goblins
  A hobgoblin skeleton (Crypt:2)
  A hobgoblin zombie (Ossuary)
  A jackal skeleton (Crypt:2)
  A jackal zombie (Ossuary)
  2 leopard gecko skeletons
  An orc zombie (Ossuary)
  A quokka skeleton (D:8)
  12 rats
  A rat zombie (Ossuary)
  6 crawling corpses
  2 fungi (Orc:2)
  A lurking horror (Abyss:1)
  6 plants
  7 starspawn tentacles
3297 creatures vanquished.

Vanquished Creatures (collateral kills)
  Khufu (Crypt:2)
  A greater mummy (Crypt:2)
  A shard shrike zombie (Crypt:2)
  A tentacled monstrosity (Vaults:4)
  Donald (Shoals:3)
  A vault warden (Vaults:4)
  A stone giant (Vaults:4)
  An ironheart preserver (Vaults:4)
  A vampire knight (Crypt:2)
  An eidolon (Crypt:2)
  A jiangshi (Crypt:2)
  A yaktaur captain (Vaults:5)
  A deep troll shaman (Depths:4)
  2 vampire magi (Crypt:2)
  A wind drake (Shoals:3)
  A slime creature (Depths:4)
  2 fire bats (Abyss:4)
  A monstrous demonspawn skeleton (Crypt:2)
  A basilisk skeleton (Crypt:2)
  2 orcs (Vaults:5)
23 creatures vanquished.

Vanquished Creatures (others)
  A shadow dragon (Vaults:5)
  An ogre mage (Depths:2)
  A merfolk aquamancer (Shoals:3)
  2 thrashing horrors (Abyss:4)
  An unseen horror (D:13)
  A fire bat (Abyss:4)
  A ynoxinul (Abyss:4)
  A naga (Abyss:4)
  Duvessa (D:4)
  2 sky beasts
  A centaur (Depths:1)
  2 orc wizards
  A hound skeleton (D:9)
  A bush (Lair:5)
  26 fungi
  25 plants
  2 spectral weapons
  14 starspawn tentacles
84 creatures vanquished.

Grand Total: 3404 creatures vanquished

Notes
Turn   | Place    | Note
-------+----------+-------------------------------------------
     0 | D:1      | Mesmaeker13 the Gargoyle Wanderer began the quest for the Orb.
     0 | D:1      | Mesmaeker13 set off with: a +0 shield, a +0 hand axe, a potion of lignification, a +0 robe, a bread ration
     0 | D:1      | Reached XP level 1. HP: 12/12 MP: 1/1
   292 | D:1      | Reached XP level 2. HP: 15/18 MP: 2/2
  1091 | D:2      | Reached XP level 3. HP: 12/22 MP: 3/3
  1381 | D:2      | Noticed Sigmund
  1889 | D:2      | Found a glowing silver altar of Zin.
  1890 | D:2      | Noticed an angel
  2056 | D:2      | Found a blossoming altar of Fedhas.
  2056 | D:2      | Found an ancient bone altar of Kikubaaqudgha.
  2133 | D:2      | Noticed Robin
  2141 | D:2      | Reached XP level 4. HP: 26/27 MP: 4/4
  2187 | D:2      | Killed Robin
  2323 | D:2      | Found a runed door.
  2495 | D:2      | Reached skill level 3 in Fighting
  2506 | D:2      | Killed Sigmund
  2506 | D:2      | Reached XP level 5. HP: 24/33 MP: 5/5
  2506 | D:2      | Reached XP level 6. HP: 28/38 MP: 6/6
  2529 | D:2      | Found an opulent altar of Gozag.
  2529 | D:2      | Found a sparkling altar of Nemelex Xobeh.
  2647 | D:2      | Found a bloodstained altar of Trog.
  2648 | D:2      | Found a radiant altar of Vehumet.
  3036 | D:3      | Noticed Natasha
  3049 | D:3      | Killed Natasha
  3055 | D:3      | Noticed Natasha
  3060 | D:3      | Killed Natasha
  3183 | D:3      | Noticed Natasha
  3194 | D:3      | Killed Natasha
  3194 | D:3      | Reached skill level 4 in Fighting
  3316 | D:3      | Noticed Grinder
  3328 | D:3      | Paralysed by Grinder for 4 turns
  3337 | D:3      | Paralysed by Grinder for 4 turns
  3364 | D:3      | Paralysed by Grinder for 6 turns
  3673 | D:4      | Noticed Duvessa
  3698 | D:4      | Noticed Dowan
  3716 | D:4      | Killed Duvessa
  3716 | D:4      | Reached XP level 7. HP: 42/44 MP: 7/7
  3780 | D:4      | Killed Dowan
  4004 | D:4      | HP: 2/44 [ogre/giant club (15)]
  4479 | D:4      | Found a white marble altar of Elyvilon.
  4499 | D:4      | Became a worshipper of Elyvilon the Healer
  5461 | D:3      | Noticed Ijyb
  5532 | D:2      | Killed Ijyb
  5532 | D:2      | Reached XP level 8. HP: 36/48 MP: 8/8
  5733 | D:3      | Reached skill level 5 in Fighting
  6098 | D:3      | Reached * piety under Elyvilon
  6213 | D:3      | Paralysed by Grinder for 3 turns
  6233 | D:3      | Paralysed by Grinder for 4 turns
  6552 | D:3      | Noticed Grinder
  6552 | D:3      | Grinder changed into Grinder the iron imp
  6554 | D:3      | Killed Grinder the iron imp
  6786 | D:3      | Reached skill level 5 in Shields
  6786 | D:3      | Reached skill level 1 in Invocations
  6993 | D:5      | Entered Level 5 of the Dungeon
  7295 | D:5      | Found an iron altar of Okawaru.
  7554 | D:5      | Reached ** piety under Elyvilon
  8280 | D:6      | Found a staircase to the Ecumenical Temple.
  8312 | D:6      | Noticed Chisa's ghost (novice HOFi)
  8906 | D:2      | Noticed Crazy Yiuf
  8914 | D:2      | Killed Crazy Yiuf
  9168 | D:7      | Reached skill level 6 in Fighting
  9190 | D:7      | Reached *** piety under Elyvilon
  9341 | D:7      | Found Genadik's General Store.
  9349 | D:7      | Bought a scroll of identify for 24 gold pieces
  9440 | D:7      | Reached XP level 9. HP: 53/55 MP: 11/11
  9492 | D:7      | Found a sand-covered staircase.
  9501 | Ossuary  | Entered an ossuary
  9548 | Ossuary  | Reached skill level 5 in Axes
  9820 | Ossuary  | Reached **** piety under Elyvilon
 10090 | D:8      | Noticed a hornet
 10125 | D:8      | Killed a hornet
 10391 | D:8      | Reached skill level 7 in Fighting
 10734 | D:8      | Noticed Frank's ghost (novice OpMo)
 10788 | D:8      | Killed Frank's ghost
 10788 | D:8      | Reached skill level 5 in Invocations
 10788 | D:8      | Reached XP level 10. HP: 63/63 MP: 12/14
 11027 | D:8      | Identified 3 scrolls of acquirement
 11041 | D:8      | Got a slimy hat
 11052 | D:8      | Identified the +0 hat of Devotion {*Corrode rPois MR+} (You acquired it on level 8 of the Dungeon)
 11055 | D:8      | Got a scintillating zirconium amulet
 11237 | D:8      | Reached skill level 8 in Fighting
 11409 | D:8      | Noticed a two-headed hydra
 11429 | D:8      | Killed a two-headed hydra
 11923 | D:8      | Noticed a two-headed ogre
 11932 | D:8      | Killed a two-headed ogre
 11932 | D:8      | Reached XP level 11. HP: 37/69 MP: 4/16
 12290 | D:7      | Reached skill level 10 in Armour
 12350 | D:7      | Noticed an orc knight
 12403 | D:7      | Noticed a manticore
 12413 | D:7      | Killed a manticore
 12548 | D:7      | Reached skill level 9 in Fighting
 12707 | D:7      | Identified the amulet "Huniuriu" {Harm *Drain Str+4} (You acquired it on level 8 of the Dungeon)
 13165 | D:9      | Identified Bytaiqup's Compendium of Unholy Rituals and Ice
 13221 | D:9      | Found a basalt altar of Yredelemnul.
 13694 | D:10     | Entered Level 10 of the Dungeon
 13905 | D:10     | Noticed a flayed ghost
 13939 | D:10     | Killed a flayed ghost
 13947 | D:10     | Got dazzling quicksilver dragon scales
 14243 | D:10     | Identified the quicksilver dragon scales of the Eternal Fruit {rElec MR+ Int+3} (You found it on level 10 of the Dungeon)
 14254 | D:10     | Noticed a skeletal warrior
 14285 | D:10     | Killed a skeletal warrior
 14444 | D:10     | Noticed a two-headed ogre
 14543 | D:10     | Killed a two-headed ogre
 14543 | D:10     | Reached XP level 12. HP: 63/77 MP: 6/18
 14828 | D:10     | Noticed Fannar
 15083 | D:10     | Killed Fannar
 15083 | D:10     | Reached skill level 10 in Fighting
 15083 | D:10     | Reached skill level 10 in Shields
 15479 | D:10     | Noticed Erica
 15497 | D:10     | Killed Erica
 15732 | D:10     | Noticed a two-headed ogre
 15742 | D:10     | Killed a two-headed ogre
 15920 | D:10     | Found a staircase to the Orcish Mines.
 16344 | D:10     | Noticed a death knight
 16373 | D:10     | Killed a death knight
 17264 | D:6      | Killed Chisa's ghost
 17371 | D:6      | Found an iron altar of Okawaru.
 17508 | D:6      | Reached ***** piety under Elyvilon
 17619 | D:6      | Noticed Blork the orc
 17628 | D:6      | Killed Blork the orc
 18157 | D:11     | Noticed Erolcha
 18190 | D:11     | Killed Erolcha
 18190 | D:11     | Reached skill level 11 in Fighting
 18190 | D:11     | Reached skill level 1 in Evocations
 18479 | D:11     | Reached XP level 13. HP: 84/84 MP: 6/19
 18491 | D:11     | Noticed Psyche
 18501 | D:11     | Killed Psyche
 18738 | D:11     | Noticed a yaktaur captain
 18763 | D:11     | Killed a yaktaur captain
 19144 | D:11     | Found a staircase to the Lair.
 19627 | Lair:1   | Entered Level 1 of the Lair of Beasts
 21582 | Lair:2   | Reached skill level 12 in Fighting
 21644 | Lair:2   | Found a staircase to the Snake Pit.
 22195 | Lair:2   | Got a pair of jewelled boots
 22201 | Lair:2   | Identified the +2 pair of boots of the Harvest {-Tele rC+++ Regen+ Str+4} (You acquired it on level 2 of the Lair of Beasts)
 22219 | Lair:3   | Reached skill level 5 in Evocations
 22284 | Lair:3   | Reached skill level 10 in Axes
 22479 | Lair:3   | Gained mutation: Your large and strong wings let you fly indefinitely. [Gargoyle growth]
 22479 | Lair:3   | Reached XP level 14. HP: 92/92 MP: 6/20
 22501 | Lair:3   | Got a pitted lead ring
 22867 | Lair:3   | Found a staircase to the Shoals.
 22980 | Lair:3   | Got an iridescent short sword
 23021 | Lair:3   | Identified the ring "Vuoq Juh" {rPois Dex+4 Slay+2} (You found it on level 3 of the Lair of Beasts)
 23488 | Lair:4   | Reached ****** piety under Elyvilon
 24097 | Lair:5   | Found a staircase to the Slime Pits.
 24454 | Lair:5   | Identified the +8 short sword "Zucomp" {holy, rElec rPois Str+6 Dex-3} (You found it on level 3 of the Lair of Beasts)
 25054 | Lair:6   | Entered Level 6 of the Lair of Beasts
 25064 | Lair:6   | Reached skill level 13 in Fighting
 25862 | Lair:6   | Reached XP level 15. HP: 87/99 MP: 7/21
 26505 | Orc:1    | Entered Level 1 of the Orcish Mines
 26727 | Orc:1    | Found a dark tunnel.
 26736 | Volcano  | Entered a volcano
 26785 | Volcano  | Found a burning altar of Makhleb.
 27596 | Orc:2    | Entered Level 2 of the Orcish Mines
 27765 | Orc:2    | Reached skill level 14 in Fighting
 28067 | Orc:2    | Found Fiynukk's Antique Weapon Shop.
 28096 | Orc:2    | Found a staircase to the Elven Halls.
 28098 | Orc:2    | Found Derauwne's General Store.
 28232 | Orc:2    | Found a radiant altar of Vehumet.
 28743 | Orc:2    | Found Jiajim's Antique Armour Boutique.
 28814 | Orc:2    | Found Aduy's Jewellery Emporium.
 28887 | Orc:2    | Noticed an orc warlord
 28912 | Orc:2    | Killed an orc warlord
 29311 | Orc:2    | Bought a runed plate armour for 806 gold pieces
 29373 | Orc:2    | Bought an uncursed ring of protection from magic for 250 gold pieces
 29401 | Orc:2    | Bought a scroll of identify for 20 gold pieces
 29401 | Orc:2    | Bought a scroll of identify for 20 gold pieces
 29822 | D:12     | Found a frozen archway.
 29829 | IceCv    | Entered an ice cave
 29888 | IceCv    | Found a transporter.
 30639 | D:12     | Found a portal to a secret trove of treasure.
 30704 | Trove    | Entered a treasure trove
 30714 | Trove    | Got a fine jade ring
 30721 | Trove    | Got a shimmering brass amulet
 30734 | Trove    | Got a pair of jewelled boots
 30746 | Trove    | Identified the +0 pair of boots "Boekepun" {rN++} (You found it in a treasure trove)
 30786 | D:12     | Identified the ring of Lugonu's Pride {Fire *Slow rPois Str+5 Stlth+} (You found it in a treasure trove)
 30788 | D:12     | Identified the amulet "Ampetwuewug" {Gourm rElec} (You found it in a treasure trove)
 31062 | D:13     | Learned a level 3 spell: Spectral Weapon
 31104 | D:13     | Noticed Frances
 31117 | D:13     | Killed Frances
 31117 | D:13     | Reached XP level 16. HP: 107/107 MP: 7/23
 31973 | D:13     | Reached skill level 15 in Shields
 32021 | D:13     | Reached skill level 10 in Invocations
 32031 | D:13     | Found a gate to the Vaults.
 32053 | D:13     | Reached skill level 1 in Charms
 32062 | D:13     | Reached skill level 15 in Fighting
 33354 | D:15     | Entered Level 15 of the Dungeon
 33619 | D:15     | Reached skill level 1 in Hexes
 33632 | D:15     | Elyvilon protects you from harm!
 34015 | D:15     | Found a staircase to the Depths.
 34172 | D:15     | Reached XP level 17. HP: 92/113 MP: 8/24
 34795 | Snake:1  | Entered Level 1 of the Snake Pit
 36632 | Snake:2  | Found Zegiett's Antique Armour Emporium.
 36643 | Snake:2  | Bought an amethyst-encrusted plate armour for 980 gold pieces
 36658 | Snake:2  | Identified the +2 plate armour of True Grit {*Corrode +Fly MR+ Str+5} (You bought it in a shop on level 2 of the Snake Pit)
 36663 | Snake:2  | Bought a spiked plate armour for 980 gold pieces
 36678 | Snake:2  | Identified the +1 plate armour "Sisiromo" {rC+ Dex+3} (You bought it in a shop on level 2 of the Snake Pit)
 36696 | Snake:2  | Bought a runed helmet for 262 gold pieces
 37351 | Snake:3  | Noticed Vashnia
 37383 | Snake:3  | Killed Vashnia
 37395 | Snake:3  | Reached skill level 5 in Charms
 37729 | Snake:3  | Noticed Mara
 37776 | Snake:3  | Killed Mara
 37776 | Snake:3  | Reached skill level 16 in Fighting
 37776 | Snake:3  | Reached skill level 5 in Hexes
 37970 | Snake:3  | Found Honuss's Jewellery Boutique.
 38878 | Snake:4  | Entered Level 4 of the Snake Pit
 39446 | Snake:4  | Reached XP level 18. HP: 120/120 MP: 8/25
 41227 | Snake:4  | Reached skill level 17 in Fighting
 41270 | Snake:4  | Got a serpentine rune of Zot
 41543 | Shoals:1 | Entered Level 1 of the Shoals
 41708 | Shoals:1 | Noticed Aizul
 41724 | Shoals:1 | Killed Aizul
 41863 | Shoals:1 | Reached XP level 19. HP: 128/128 MP: 8/26
 41868 | Shoals:1 | Reached skill level 1 in Spellcasting
 43255 | Shoals:3 | Noticed Donald
 43312 | Shoals:3 | Killed Donald
 43312 | Shoals:3 | Reached skill level 15 in Armour
 44231 | Shoals:4 | Entered Level 4 of the Shoals
 44535 | Shoals:4 | Noticed Ilsuiw
 44558 | Shoals:4 | Reached skill level 15 in Axes
 44587 | Shoals:4 | Killed Ilsuiw
 45036 | Shoals:4 | Cast into level 3 of the Abyss (merfolk javelineer)
 45047 | Shoals:4 | Escaped the Abyss
 45064 | Shoals:4 | Reached skill level 5 in Spellcasting
 45120 | Shoals:4 | Got a barnacled rune of Zot
 45654 | Shoals:4 | Got a translucent ivory ring
 45657 | Shoals:4 | Identified the ring "Vuqi" {Str+5 Int+3} (You took it off a merfolk on level 4 of the Shoals)
 46404 | Shoals:4 | Got a warped platinum ring
 46597 | Lair:1   | Identified the ring of Uskayaw's Outrage {EV+2 Int+4} (You found it on level 4 of the Shoals)
 46736 | Snake:3  | Bought an uncursed ring of protection from cold for 425 gold pieces
 47009 | Elf:1    | Entered Level 1 of the Elven Halls
 47036 | Elf:1    | Found a radiant altar of Vehumet.
 47051 | Elf:1    | Reached XP level 20. HP: 126/134 MP: 9/29
 47230 | Elf:1    | Found Maneasestru's Weapon Shop.
 48739 | Elf:2    | Found Qos Qisui's Jewellery Boutique.
 48739 | Elf:2    | Found a ruined gateway.
 48789 | Desolati | Entered the Desolation of Salt
 49069 | Desolati | Got a wavering bone ring
 49319 | Desolati | Identified the Tome of Transmigration and Dislocation
 49337 | Desolati | Got a wavering granite ring
 49351 | Desolati | Got an iridescent lajatang
 49569 | Desolati | Got an ebony hand crossbow
 49572 | Desolati | Identified the cursed +1 hand crossbow "Giantbane" {freeze, rPois Dex+3} (You found it in the Desolation of Salt)
 49574 | Desolati | Identified the ring "Juduukk" {*Slow rElec rN+ MP+9} (You found it in the Desolation of Salt)
 49576 | Desolati | Identified the ring "Murherr" {+Fly rElec rN+ Dex+3} (You found it in the Desolation of Salt)
 49596 | Desolati | Got a bloodstained broad axe
 49600 | Desolati | Identified the cursed +3 broad axe of Hupiah {freeze, rElec Int+2} (You found it in the Desolation of Salt)
 49609 | Desolati | Got a fine jade amulet
 49612 | Desolati | Identified the amulet of Ryntulibb {Gourm *Slow rElec Int+3 Dex+2} (You found it in the Desolation of Salt)
 50060 | Elf:2    | Noticed Jorgrun
 50070 | Elf:2    | Killed Jorgrun
 50168 | Elf:2    | Noticed Asterion
 50175 | Elf:2    | Reached XP level 21. HP: 139/139 MP: 13/30
 50184 | Elf:2    | Killed Asterion
 50400 | Elf:2    | Found a huge runed gate.
 50400 | Elf:2    | Found a huge runed gate.
 50400 | Elf:2    | Found a huge runed gate.
 50409 | Elf:2    | Found a huge runed gate.
 50410 | Elf:2    | Found a huge runed gate.
 51315 | Elf:2    | Learned a level 2 spell: Passwall
 51317 | Elf:3    | Entered Level 3 of the Elven Halls
 51363 | Elf:3    | Found a magical portal.
 51366 | WizLab   | Entered Zonguldrok's Shrine
 51541 | WizLab   | Reached skill level 1 in Dodging
 51724 | WizLab   | Noticed an antique lich
 51746 | WizLab   | Killed an antique lich
 52005 | WizLab   | Identified the +1 lajatang "Elotehau" {pain, Int+6} (You found it in the Desolation of Salt)
 52337 | Elf:3    | Found Ruroc's Armour Boutique.
 53299 | Elf:3    | Reached skill level 5 in Dodging
 53802 | Elf:3    | Reached XP level 22. HP: 80/144 MP: 10/31
 54380 | Elf:3    | Got a heavily runed silver ring
 54519 | Elf:3    | Got a fine plate armour
 54538 | Elf:3    | Identified the +12 plate armour "Jiuxihui" {rF+ Dex+3} (You found it on level 3 of the Elven Halls)
 54606 | Elf:3    | Got an iridescent hand crossbow
 54607 | Elf:3    | Identified the +2 hand crossbow of Xuem {venom, rElec} (You found it on level 3 of the Elven Halls)
 54616 | Elf:3    | Got a scorched chain mail
 54628 | Elf:3    | Identified the +8 chain mail of Gezxu {+Inv rElec rPois} (You found it on level 3 of the Elven Halls)
 54650 | Elf:3    | Identified the ring "Mecsavius" {+Fly Slay+2} (You took it off a deep elf mage on level 3 of the Elven Halls)
 54664 | Elf:3    | Identified the Handbook of Sinister Rituals
 54944 | Lair:1   | Learned a level 2 spell: Song of Slaying
 55077 | Depths:1 | Entered Level 1 of the Depths
 55646 | Depths:1 | Found a glowing golden altar of the Shining One.
 55653 | Depths:1 | Fell from the grace of Elyvilon
 55653 | Depths:1 | Became a worshipper of the Shining One
 55653 | Depths:1 | Reached * piety under the Shining One
 55653 | Depths:1 | Reached ** piety under the Shining One
 55653 | Depths:1 | Reached *** piety under the Shining One
 55653 | Depths:1 | Reached **** piety under the Shining One
 55702 | Depths:1 | Found a one-way gate to the infinite horrors of the Abyss.
 55712 | Depths:1 | Found a gateway to Hell.
 56229 | Depths:2 | Found a gateway to a ziggurat.
 56292 | Depths:2 | Paralysed by a floating eye for 3 turns
 56439 | Depths:3 | Reached ***** piety under the Shining One
 56459 | Depths:3 | Noticed a juggernaut
 56508 | Depths:2 | HP: 9/219 [iron troll (6)]
 56984 | Depths:2 | Reached skill level 18 in Fighting
 57155 | Depths:2 | Got a steaming scimitar {drain}
 57231 | Depths:2 | Noticed a golden dragon
 57242 | Depths:2 | Killed a golden dragon
 57359 | Depths:2 | Reached XP level 23. HP: 152/152 MP: 9/32
 58208 | Depths:2 | Found a one-way gate leading to the halls of Pandemonium.
 59174 | Depths:2 | Killed a juggernaut
 59174 | Depths:2 | Reached skill level 19 in Fighting
 59507 | Depths:2 | Got a steaming war axe
 59509 | Depths:2 | Identified the +5 war axe of Distraction {antimagic, Dex+3} (You acquired it on level 2 of the Depths)
 59615 | Depths:3 | Reached ****** piety under the Shining One
 59811 | Depths:3 | Got a coiled amber ring
 59812 | Depths:3 | Identified the ring "Atwi" {rPois rN++ Str-5 Dex+6} (You found it on level 3 of the Depths)
 60089 | Depths:3 | Found Gigip's Book Emporium.
 61131 | Depths:4 | Reached XP level 24. HP: 154/162 MP: 10/32
 61140 | Depths:4 | Reached skill level 20 in Fighting
 61310 | Depths:4 | Noticed the Enchantress
 61331 | Depths:4 | Killed the Enchantress
 61331 | Depths:4 | Reached skill level 10 in Dodging
 61392 | Depths:4 | Got faerie dragon scales
 61394 | Depths:4 | Identified the +7 faerie dragon scales {rF++ rC++ rCorr Clar} (You took it off the Enchantress on level 4 of the Depths)
 61499 | Depths:4 | Noticed a juggernaut
 61525 | Depths:4 | Killed a juggernaut
 62559 | Depths:5 | Entered Level 5 of the Depths
 63427 | Depths:5 | Found Qayggogra's Jewellery Emporium.
 63428 | Depths:5 | Found Zat Pymp's Gadget Shop.
 63429 | Depths:5 | Found Qodox's Jewellery Emporium.
 64260 | Depths:5 | Found a gate to the Realm of Zot.
 65554 | Depths:1 | Reached XP level 25. HP: 169/169 MP: 10/32
 65852 | Vaults:1 | Entered Level 1 of the Vaults
 66872 | Vaults:1 | Reached skill level 21 in Fighting
 67785 | Vaults:2 | Found Ustoih Liph's Armour Emporium.
 68331 | Vaults:2 | Reached skill level 10 in Charms
 68686 | Vaults:2 | Reached skill level 1 in Earth Magic
 68701 | Vaults:2 | Reached XP level 26. HP: 171/179 MP: 11/33
 68711 | Vaults:2 | Got a steaming copper ring
 68747 | Vaults:2 | Got an ancient plate armour
 68763 | Vaults:2 | Identified the cursed +0 plate armour "Uwkeolil" {-Tele Str+2 SInv} (You found it on level 2 of the Vaults)
 68793 | Vaults:2 | Identified the ring of False Hope {rPois rF- MR++ AC+2 Dex+2} (You took it off a skeletal warrior on level 2 of the Vaults)
 69464 | Vaults:3 | Reached skill level 22 in Fighting
 69542 | Vaults:3 | Noticed Boris
 69557 | Vaults:3 | Killed Boris
 69562 | Vaults:3 | Reached skill level 15 in Invocations
 69686 | Vaults:3 | Reached skill level 5 in Earth Magic
 70236 | Vaults:3 | Found Ferghikh's Book Shop.
 70787 | Vaults:3 | Got a warped pewter ring
 70788 | Vaults:3 | Identified the ring "Zoxitoy" {Wiz rElec rN++ MR+ Slay-3} (You found it on level 3 of the Vaults)
 71269 | Vaults:3 | Found a staircase to the Crypt.
 71734 | Vaults:4 | Found Doobaqi's Armour Emporium.
 72783 | Vaults:4 | Reached skill level 10 in Earth Magic
 72797 | Vaults:4 | Reached XP level 27. HP: 150/186 MP: 11/35
 72924 | Vaults:4 | Reached skill level 23 in Fighting
 73698 | Lair:1   | Identified a +9 broad axe of holy wrath (a +9 antimagic broad axe blessed by the Shining One)
 73698 | Lair:1   | Received a gift from the Shining One
 73947 | Crypt:1  | Entered Level 1 of the Crypt
 74410 | Crypt:1  | Reached skill level 10 in Evocations
 75085 | Crypt:2  | Noticed Bai Suzhen
 75097 | Crypt:2  | Killed Bai Suzhen
 75099 | Crypt:2  | Noticed Khufu
 75101 | Crypt:2  | Noticed a greater mummy
 75125 | Crypt:2  | Killed Khufu
 75130 | Crypt:2  | Killed a greater mummy
 75667 | Crypt:3  | Entered Level 3 of the Crypt
 76211 | Crypt:3  | Found a staircase to the Tomb.
 76342 | Crypt:3  | Got a bound ruby amulet
 76357 | Crypt:3  | Identified the amulet "Uhucotum" {Gourm rElec rC+ MR- SInv} (You found it on level 3 of the Crypt)
 76829 | Crypt:3  | Found an ancient bone altar of Kikubaaqudgha.
 76829 | Crypt:3  | Noticed an ancient lich
 76838 | Crypt:3  | Killed an ancient lich
 76838 | Crypt:3  | Reached skill level 24 in Fighting
 76891 | Crypt:3  | Got a translucent glass ring
 76891 | Crypt:3  | Got a serpentine tin ring
 76891 | Crypt:3  | Got a warped turquoise ring
 76894 | Crypt:3  | Identified the ring of Bisytzal {rN+ Dex+5 Slay-5} (You found it on level 3 of the Crypt)
 76895 | Crypt:3  | Identified the ring "Qarghat" {rElec rN+ Int-5 Dex+9 Stlth+} (You found it on level 3 of the Crypt)
 76896 | Crypt:3  | Identified the ring of Ceim {rPois rN+} (You found it on level 3 of the Crypt)
 77672 | Lair:1   | Learned a level 6 spell: Iron Shot
 77952 | Vaults:5 | Entered Level 5 of the Vaults
 77959 | Vaults:5 | Reached skill level 1 in Conjurations
 78409 | Vaults:4 | Reached skill level 10 in Spellcasting
 78673 | Vaults:5 | Reached skill level 5 in Conjurations
 78729 | Vaults:5 | Noticed Jory
 78747 | Vaults:5 | Killed Jory
 79057 | Vaults:5 | Got an iridescent triple sword {freeze}
 79072 | Vaults:5 | Identified the +5 triple sword "Spiderslayer" {freeze, rF+ rN++} (You took it off a yaktaur on level 5 of the Vaults)
 79206 | Vaults:5 | Gained mutation: Your body sometimes deteriorates upon taking damage. [a neqoxec]
 79270 | Vaults:5 | Noticed a juggernaut
 79270 | Vaults:5 | a shadow dragon changed into a juggernaut
 79273 | Vaults:5 | a juggernaut changed into a caustic shrike
 79504 | Vaults:5 | Noticed Saint Roka
 79516 | Vaults:5 | Killed Saint Roka
 79740 | Vaults:5 | Got a silver rune of Zot
 80415 | Vaults:5 | Identified Doxu's Papyrus of Helpful Companions
 80422 | Vaults:5 | Learned a level 4 spell: Summon Lightning Spire
 80760 | Lair:1   | Lost mutation: Your body sometimes deteriorates upon taking damage. [potion of mutation]
 80760 | Lair:1   | Gained mutation: You are covered in fur. (AC +1) [potion of mutation]
 80760 | Lair:1   | Gained mutation: You are partially covered in iridescent scales. (AC +2) [potion of mutation]
 80760 | Lair:1   | Gained mutation: Your magical capacity is low. (-10% MP) [potion of mutation]
 80760 | Lair:1   | Gained mutation: You passively map a small area around you. [potion of mutation]
 80977 | Zot:1    | Entered Level 1 of the Realm of Zot
 80992 | Zot:1    | Reached skill level 1 in Summonings
 81648 | Zot:1    | Reached skill level 25 in Fighting
 81865 | Zot:1    | Reached skill level 10 in Conjurations
 81983 | Zot:1    | Reached skill level 1 in Air Magic
 82184 | Zot:2    | Found a transporter.
 82697 | Zot:2    | Found a transporter.
 82755 | Zot:2    | Reached skill level 5 in Summonings
 82797 | Zot:2    | Got a pair of blackened boots
 82809 | Zot:2    | Identified the +1 pair of boots of Baldness {+Fly rF+} (You found it on level 2 of the Realm of Zot)
 82954 | Zot:3    | Noticed an orb of fire
 82972 | Zot:2    | Gained mutation: Scrolls take you a little longer to read. [an orb of fire]
 82990 | Zot:2    | Killed an orb of fire
 83657 | Zot:3    | Reached skill level 5 in Air Magic
 85034 | Zot:4    | Learned a level 3 spell: Ozocubu's Armour
 85579 | Lair:1   | Lost mutation: You passively map a small area around you. [potion of mutation]
 85579 | Lair:1   | Lost mutation: Scrolls take you a little longer to read. [potion of mutation]
 85579 | Lair:1   | Lost mutation: Your magical capacity is low. (-10% MP) [potion of mutation]
 85579 | Lair:1   | Gained mutation: You are partially covered in yellow scales. (AC +2) [potion of mutation]
 85579 | Lair:1   | Gained mutation: Your mind is acute. (Int +2) [potion of mutation]
 85790 | Depths:1 | Voluntarily entered the Abyss.
 85922 | Abyss:1  | Reached skill level 26 in Fighting
 86140 | Abyss:1  | Found a corrupted altar of Lugonu.
 86373 | Abyss:3  | Gained mutation: You are weak. (Str -2) [a neqoxec]
 86612 | Abyss:3  | Gained mutation: Scrolls take you a little longer to read. [a neqoxec]
 86721 | Abyss:3  | Reached skill level 5 in Throwing
 87197 | Abyss:4  | Gained mutation: You are clumsy. (Dex -2) [a neqoxec]
 87412 | Abyss:4  | Paralysed by you for 5 turns
 87459 | Abyss:4  | Found a corrupted altar of Lugonu.
 87471 | Abyss:4  | Reached skill level 10 in Summonings
 87970 | Abyss:4  | Found a corrupted altar of Lugonu.
 87982 | Depths:1 | Escaped the Abyss
 88660 | Slime:1  | Entered Level 1 of the Pits of Slime
 89034 | Slime:3  | Gained mutation: You are covered in thick fur. (AC +2) [a shining eye]
 89192 | Slime:5  | Entered Level 5 of the Pits of Slime
 89252 | Slime:5  | Lost mutation: Your mind is acute. (Int +2) [a shining eye]
 89254 | Slime:5  | Gained mutation: You tend to lose your temper in combat. [a shining eye]
 89256 | Slime:5  | Gained mutation: You are partially covered in large bone plates. (SH +4) [a shining eye]
 89259 | Slime:5  | Gained mutation: You occasionally shout uncontrollably at your foes. [a shining eye]
 89291 | Slime:5  | Noticed the Royal Jelly
 89419 | Slime:3  | Gained mutation: You often lose your temper in combat. [a shining eye]
 89421 | Slime:3  | Gained mutation: Your body sometimes deteriorates upon taking damage. [a shining eye]
 89855 | Slime:4  | Gained mutation: You are dopey. (Int -2) [a shining eye]
 89859 | Slime:4  | Reached skill level 27 in Fighting
 90209 | Slime:4  | HP: 3/199 [acid blob[the Royal Jelly] (17)]
 90209 | Slime:4  | Splashed by an acid blob's acid

Skill      XL: |  1  2  3  4  5  6  7  8  9 10 11 12 13 14 15 16 17 18 19 20 21 22 23 24 25 26 27 |
---------------+----------------------------------------------------------------------------------+-----
Shields        | 2 3 4 5 7 8 9 11 12 13 14 15 | 15.0
Axes           | 2 3 4 6 7 8 9 10 11 12 13 14 15 18 19 20 | 20.0
Fighting       | 3 4 6 7 8 9 11 12 13 14 15 16 17 18 19 20 21 22 27 | 27.0
Armour         | 6 7 8 9 10 11 12 13 14 16 18 19 20 21 | 21.5
Invocations    | 3 5 6 8 9 10 12 14 16 | 16.0
Throwing       | 4 9 |  9.4
Evocations     | 1 5 7 8 9 11 | 11.0
Charms         | 3 6 8 10 | 10.6
Hexes          | 2 5 7 9 |  9.2
Spellcasting   | 6 11 | 11.1
Dodging        | 6 7 9 11 | 11.2
Earth Magic    | 1 10 11 | 11.0
Conjurations   | 10 | 10.0
Summonings     | 11 | 11.0
Air Magic      | 7 |  7.0

Action                   |  1- 3 |  4- 6 |  7- 9 | 10-12 | 13-15 | 16-18 | 19-21 | 22-24 | 25-27 || total
-------------------------+-------+-------+-------+-------+-------+-------+-------+-------+-------++-------
Melee: Hand axe          |   168 |   256 |   935 |       |    73 |       |       |       |       ||  1432
       Unarmed           |       |       |     7 |       |       |       |       |       |       ||     7
       War axe           |       |       |   114 |   113 |       |       |       |       |       ||   227
       Broad axe         |       |       |       |  1014 |  1558 |  1519 |  2088 |  1720 |  4235 || 12134
       Flail             |       |       |       |    12 |       |       |       |       |       ||    12
 Fire: Blowgun           |       |       |     8 |       |       |       |       |       |       ||     8
Throw: Javelin           |       |       |     4 |     7 |     6 |     2 |       |       |     7 ||    26
       Tomahawk          |       |       |       |     6 |     2 |       |       |       |       ||     8
       Throwing net      |       |       |       |     1 |     1 |       |     8 |       |     2 ||    12
 Cast: Spectral Weapon   |       |       |       |       |       |     1 |     1 |       |       ||     2
       Summon Lightning  |       |       |       |       |       |       |       |       |     1 ||     1
Invok: Lesser Healing    |       |       |     4 |     4 |     2 |     8 |       |       |       ||    18
       Greater Healing   |       |       |       |     7 |     2 |     1 |     6 |       |       ||    16
       Purification      |       |       |       |       |       |     1 |     1 |       |       ||     2
       Divine Vigour     |       |       |       |       |       |       |     2 |       |       ||     2
       Divine Shield     |       |       |       |       |       |       |       |     6 |    19 ||    25
       Cleansing Flame   |       |       |       |       |       |       |       |     1 |    23 ||    24
       Summon Divine War |       |       |       |       |       |       |       |     1 |     4 ||     5
       Brand Weapon With |       |       |       |       |       |       |       |       |     1 ||     1
 Abil: Evoke Berserk Rag |       |       |       |     1 |    13 |    11 |    10 |    11 |     7 ||    53
       Fly               |       |       |       |       |     1 |       |     8 |       |     1 ||    10
       Stop Flying       |       |       |       |       |     1 |       |     8 |       |     1 ||    10
Evoke: Wand              |       |       |     2 |       |       |     4 |     2 |     5 |     5 ||    18
       Box of beasts     |       |       |       |       |       |     1 |     1 |       |       ||     2
       Sack of spiders   |       |       |       |       |       |       |     1 |       |       ||     1
  Use: Scroll            |     1 |     3 |     9 |     9 |    19 |     9 |     9 |     7 |    23 ||    89
       Potion            |       |       |     3 |     2 |     1 |     9 |     3 |     5 |    10 ||    33
 Stab: Sleeping          |     1 |     1 |       |       |       |       |       |       |       ||     2
       Held in net/web   |       |       |       |     1 |       |       |       |       |       ||     1
       Petrified         |       |       |       |       |     7 |       |       |       |       ||     7
       Distracted        |       |       |       |       |       |     1 |     1 |       |       ||     2
  Eat: Chunk             |     4 |     5 |    19 |    26 |    52 |    29 |    40 |    40 |    45 ||   260
       Fruit             |       |       |     2 |       |       |       |       |     8 |    10 ||    20
       Meat ration       |       |       |     1 |     1 |     2 |     2 |     1 |       |     4 ||    11
       Royal jelly       |       |       |       |     1 |       |       |     1 |     1 |     2 ||     5
       Bread ration      |       |       |       |       |       |     3 |     2 |       |     4 ||     9
Armor: Robe              |    62 |       |       |       |       |       |       |       |       ||    62
       Leather armour    |    32 |    17 |       |       |       |       |       |       |       ||    49
       Animal skin       |       |    37 |       |       |       |       |       |       |       ||    37
       Plate armour      |       |    81 |   730 |   492 |       |   658 |   851 |  1008 |       ||  3820
       Skin              |       |       |     2 |       |       |       |       |       |       ||     2
       Quicksilver drago |       |       |       |   389 |   795 |   232 |       |       |       ||  1416
       Chain mail        |       |       |       |       |    35 |       |       |       |       ||    35
       Ice dragon scales |       |       |       |       |       |       |    65 |       |       ||    65
       Acid dragon scale |       |       |       |       |       |       |       |    17 |  1348 ||  1365
       Crystal plate arm |       |       |       |       |       |       |       |       |     3 ||     3
Dodge: Dodged            |    80 |    63 |   200 |   495 |   594 |   295 |   368 |   532 |  1444 ||  4071
       Deflected         |       |       |       |       |       |    57 |    47 |    42 |   101 ||   247
Block: Shield            |    95 |   109 |   483 |   745 |  1102 |  1180 |  1210 |  1186 |  2763 ||  8873
